[ AOE2 MATCH · #495783152 ]
UnrankedTatars vs Goths
Player's team · WIN
Rival team · LOSS
[ REPLAY ANALYSIS · EXTRACTED FROM THE RECORDED GAME ]
Feudal
8:26
Castle
20:07
Imperial
39:49
| APM avg | 63.9 |
| APM peak | 92 |
| eAPM avg | 30.2 |
| Villagers / military | 194 / 476 |
Focus
⚔️ 42.2% · 🌾 57.8%
Scout Cavalry ×279 · Cavalry Archer ×114 · Knight ×57 · Skirmisher ×13 · Trebuchet (Packed) ×8 · Monk ×3
Feudal
8:51
Castle
20:29
Imperial
37:17
| APM avg | 55.0 |
| APM peak | 118 |
| eAPM avg | 27.4 |
| Villagers / military | 176 / 518 |
Focus
⚔️ 42.4% · 🌾 57.6%
Spearman ×207 · Huskarl ×155 · Skirmisher ×126 · Militia ×13 · Monk ×10 · Trebuchet (Packed) ×7
Match map
Initial resources + every placement click. Lines = walls · curves = elevation contours. ◆ gold · ⬟ stone · ● berries · ✦ relic · ◌ wall gap
Your base· ✓ Closed at 20:07 · 31t walls · 1 gate(s)
URU | KING RICO's base· Open — opponent sealed themselves in
Smoothed initial terrain · ◌ = detected wall gap · hover for details
Inputs per minute
— vuppE - - URU | KING RICO
Build order — vuppE
First 150 of 618 actions detected
| 0:00 | Queue | Villager (Male) ×4 |
| 0:02 | Build | House |
| 0:04 | Build | House |
| 1:38 | Queue | Villager (Male) |
| 1:54 | Queue | Villager (Male) |
| 1:54 | Queue | Villager (Male) |
| 2:21 | Queue | Villager (Male) |
| 2:21 | Queue | Villager (Male) |
| 2:35 | Build | Lumber Camp |
| 3:06 | Build | House |
| 3:13 | Queue | Villager (Male) |
| 3:13 | Queue | Villager (Male) |
| 3:36 | Queue | Villager (Male) |
| 3:36 | Queue | Villager (Male) |
| 4:00 | Queue | Villager (Male) |
| 4:49 | Queue | Villager (Male) |
| 5:18 | Build | Palisade Wall |
| 5:29 | Build | Palisade Wall |
| 5:43 | Research | Loom |
| 5:44 | Build | Mill |
| 6:16 | Research | Feudal Age |
| 6:31 | Build | Palisade Wall |
| 6:56 | Build | Palisade Wall |
| 7:09 | Build | House |
| 7:40 | Build | Barracks |
| 7:53 | Build | Palisade Wall |
| 8:18 | Queue | Villager (Male) |
| 8:26 | Age | Feudal Age |
| 8:36 | Build | Archery Range |
| 8:42 | Queue | Villager (Male) |
| 8:50 | Research | Double-Bit Axe |
| 9:04 | Build | Palisade Wall |
| 9:09 | Queue | Villager (Male) |
| 9:17 | Queue | Archer |
| 9:34 | Build | House |
| 9:35 | Queue | Villager (Male) |
| 9:43 | Build | Farm |
| 9:58 | Queue | Villager (Male) |
| 9:59 | Build | Farm |
| 10:10 | Queue | Skirmisher |
| 10:20 | Queue | Villager (Male) |
| 10:25 | Build | House |
| 10:35 | Queue | Skirmisher |
| 10:39 | Queue | Villager (Male) |
| 10:50 | Build | Farm |
| 10:56 | Queue | Villager (Male) |
| 11:02 | Queue | Skirmisher |
| 11:03 | Build | House |
| 11:18 | Queue | Villager (Male) |
| 11:30 | Build | Mining Camp |
| 11:46 | Queue | Villager (Male) |
| 11:58 | Queue | Skirmisher |
| 12:26 | Queue | Villager (Male) |
| 12:31 | Build | Blacksmith |
| 12:42 | Build | Farm |
| 12:49 | Queue | Villager (Male) |
| 12:50 | Queue | Skirmisher |
| 12:57 | Build | Farm |
| 13:05 | Queue | Skirmisher |
| 13:13 | Research | Fletching |
| 13:14 | Queue | Villager (Male) |
| 13:20 | Build | House |
| 13:26 | Queue | Skirmisher |
| 13:31 | Queue | Villager (Male) |
| 13:34 | Build | House |
| 13:47 | Build | Farm |
| 14:00 | Queue | Villager (Male) |
| 14:15 | Build | Farm |
| 14:29 | Build | Farm |
| 14:34 | Queue | Villager (Male) |
| 14:46 | Build | Farm |
| 15:03 | Queue | Villager (Male) |
| 15:20 | Queue | Villager (Male) |
| 15:28 | Queue | Skirmisher |
| 15:36 | Build | Farm |
| 15:41 | Build | Lumber Camp |
| 15:50 | Queue | Villager (Male) |
| 15:59 | Build | Farm |
| 16:18 | Queue | Villager (Male) |
| 16:34 | Build | House |
| 16:40 | Queue | Skirmisher |
| 16:43 | Build | Farm |
| 16:44 | Queue | Villager (Male) |
| 16:59 | Build | House |
| 17:09 | Build | House |
| 17:11 | Build | House |
| 17:19 | Build | Palisade Wall |
| 17:27 | Research | Castle Age |
| 17:51 | Research | Horse Collar |
| 17:51 | Research | Gold Mining |
| 17:54 | Build | Palisade Wall |
| 18:02 | Build | Archery Range |
| 18:37 | Build | Farm |
| 19:15 | Build | Archery Range |
| 19:18 | Queue | Skirmisher |
| 19:18 | Queue | Skirmisher |
| 19:27 | Build | Palisade Gate |
| 19:38 | Research | Padded Archer Armor |
| 19:45 | Queue | Skirmisher |
| 19:45 | Queue | Skirmisher |
| 19:52 | Queue | Villager (Male) |
| 20:07 | Queue | Villager (Male) |
| 20:07 | Age | Castle Age |
| 20:09 | Research | Elite Skirmisher (upgrade) |
| 20:11 | Research | Bodkin Arrow |
| 20:21 | Build | Town Center |
| 20:24 | Queue | Villager (Male) |
| 20:28 | Build | Monastery |
| 20:43 | Queue | Cavalry Archer |
| 20:44 | Queue | Cavalry Archer |
| 20:44 | Queue | Cavalry Archer |
| 20:51 | Queue | Villager (Male) |
| 21:12 | Queue | Monk |
| 21:23 | Queue | Villager (Male) ×3 |
| 21:49 | Queue | Cavalry Archer |
| 21:49 | Queue | Cavalry Archer |
| 21:49 | Queue | Cavalry Archer |
| 21:52 | Queue | Villager (Male) |
| 21:53 | Queue | Villager (Male) |
| 21:58 | Build | Stable |
| 22:15 | Build | Farm |
| 22:16 | Build | Farm |
| 22:16 | Build | Farm |
| 22:26 | Queue | Villager (Male) |
| 22:27 | Queue | Villager (Male) |
| 22:43 | Build | Farm |
| 22:44 | Build | Farm |
| 22:45 | Build | Farm |
| 22:45 | Build | Farm |
| 23:05 | Research | Scale Barding Armor |
| 23:10 | Build | Siege Workshop |
| 23:16 | Queue | Villager (Male) |
| 23:17 | Queue | Villager (Male) |
| 23:22 | Build | Farm |
| 23:24 | Build | Farm |
| 23:31 | Queue | Cavalry Archer |
| 23:31 | Queue | Cavalry Archer |
| 23:31 | Queue | Cavalry Archer |
| 23:39 | Queue | Villager (Male) |
| 23:39 | Queue | Villager (Male) |
| 23:41 | Build | House |
| 23:43 | Build | House |
| 23:47 | Queue | Scorpion |
| 23:50 | Build | Farm |
| 23:57 | Queue | Villager (Male) |
| 23:58 | Queue | Villager (Male) |
| 23:59 | Build | Farm |
| 24:04 | Queue | Knight |
| 24:08 | Queue | Cavalry Archer ×2 |
| 24:17 | Queue | Villager (Male) |
Build order — URU | KING RICO
First 150 of 672 actions detected
| 0:00 | Queue | Villager (Male) |
| 0:01 | Build | House |
| 0:02 | Build | House |
| 0:04 | Queue | Villager (Male) |
| 0:04 | Queue | Villager (Male) |
| 0:06 | Research | Loom |
| 0:06 | Queue | Villager (Male) |
| 0:07 | Queue | Villager (Male) |
| 0:07 | Queue | Villager (Male) |
| 1:25 | Queue | Villager (Male) |
| 2:01 | Queue | Villager (Male) |
| 2:12 | Build | Lumber Camp |
| 2:24 | Queue | Villager (Male) |
| 2:45 | Queue | Villager (Male) |
| 3:10 | Queue | Villager (Male) |
| 3:34 | Queue | Villager (Male) |
| 3:34 | Queue | Villager (Male) |
| 3:51 | Build | House |
| 4:28 | Queue | Villager (Male) |
| 4:57 | Queue | Villager (Male) |
| 4:59 | Queue | Villager (Male) |
| 4:59 | Queue | Villager (Male) |
| 4:59 | Queue | Villager (Male) |
| 4:59 | Queue | Villager (Male) |
| 5:13 | Queue | Villager (Male) |
| 5:39 | Build | Barracks |
| 5:43 | Build | House |
| 6:24 | Build | House |
| 6:25 | Build | House |
| 6:39 | Research | Feudal Age |
| 6:44 | Queue | Militia |
| 6:48 | Build | House |
| 7:11 | Queue | Militia |
| 7:20 | Queue | Militia |
| 7:47 | Queue | Militia |
| 8:14 | Queue | Villager (Male) |
| 8:51 | Age | Feudal Age |
| 8:52 | Research | Man-at-Arms (upgrade) |
| 8:52 | Research | Man-at-Arms (upgrade) |
| 8:58 | Research | Double-Bit Axe |
| 8:59 | Queue | Villager (Male) |
| 9:09 | Build | Archery Range |
| 9:32 | Queue | Villager (Male) |
| 9:39 | Queue | Villager (Male) |
| 9:46 | Build | Mill |
| 9:58 | Queue | Villager (Male) |
| 10:02 | Build | House |
| 10:12 | Queue | Skirmisher |
| 10:16 | Queue | Spearman |
| 10:24 | Queue | Villager (Male) |
| 10:36 | Queue | Skirmisher |
| 10:36 | Queue | Skirmisher |
| 10:42 | Build | Farm |
| 10:52 | Queue | Skirmisher |
| 11:05 | Build | Farm |
| 11:12 | Build | Farm |
| 11:13 | Build | Farm |
| 11:15 | Queue | Villager (Male) |
| 11:29 | Queue | Skirmisher |
| 11:35 | Queue | Skirmisher |
| 11:50 | Queue | Skirmisher |
| 12:15 | Queue | Skirmisher |
| 12:15 | Queue | Villager (Male) |
| 12:15 | Queue | Villager (Male) |
| 12:23 | Build | Blacksmith |
| 12:26 | Queue | Militia |
| 12:41 | Queue | Villager (Male) |
| 12:51 | Queue | Skirmisher |
| 12:54 | Build | House |
| 12:57 | Build | Farm |
| 12:57 | Build | Farm |
| 13:00 | Build | Farm |
| 13:02 | Build | House |
| 13:05 | Build | House |
| 13:52 | Queue | Villager (Male) |
| 13:52 | Queue | Villager (Male) |
| 13:54 | Build | Farm |
| 13:55 | Build | Farm |
| 13:57 | Build | Farm |
| 14:04 | Queue | Skirmisher |
| 14:04 | Queue | Skirmisher |
| 14:08 | Research | Fletching |
| 14:09 | Queue | Villager (Male) |
| 14:11 | Build | House |
| 14:12 | Build | House |
| 14:12 | Build | House |
| 14:36 | Queue | Skirmisher |
| 15:04 | Queue | Villager (Male) |
| 15:33 | Queue | Villager (Male) |
| 15:36 | Build | Farm |
| 15:36 | Build | Farm |
| 15:37 | Build | Farm |
| 15:37 | Build | Farm |
| 15:56 | Queue | Villager (Male) |
| 15:58 | Build | Mining Camp |
| 16:16 | Research | Wheelbarrow |
| 17:07 | Research | Scale Mail Armor |
| 17:21 | Queue | Villager (Male) |
| 17:49 | Research | Castle Age |
| 17:49 | Research | Castle Age |
| 18:23 | Queue | Skirmisher |
| 18:23 | Queue | Skirmisher |
| 18:27 | Build | Palisade Wall |
| 18:32 | Build | Palisade Wall |
| 18:33 | Build | Palisade Wall |
| 19:03 | Queue | Skirmisher |
| 19:11 | Queue | Skirmisher |
| 19:17 | Build | Archery Range |
| 19:20 | Build | House |
| 19:22 | Research | Horse Collar |
| 19:44 | Build | Palisade Wall |
| 19:46 | Build | Palisade Wall |
| 19:58 | Queue | Villager (Male) |
| 20:05 | Queue | Skirmisher |
| 20:05 | Queue | Skirmisher |
| 20:09 | Research | Padded Archer Armor |
| 20:21 | Build | Farm |
| 20:29 | Age | Castle Age |
| 20:31 | Build | Town Center |
| 20:33 | Research | Bow Saw |
| 20:37 | Research | Heavy Plow |
| 20:43 | Research | Elite Skirmisher (upgrade) |
| 20:43 | Research | Elite Skirmisher (upgrade) |
| 20:46 | Research | Bodkin Arrow |
| 20:50 | Queue | Skirmisher |
| 20:50 | Queue | Skirmisher |
| 21:25 | Queue | Skirmisher |
| 21:25 | Queue | Skirmisher |
| 21:38 | Queue | Skirmisher |
| 21:38 | Queue | Skirmisher |
| 21:49 | Queue | Skirmisher |
| 21:50 | Queue | Villager (Male) |
| 22:10 | Queue | Villager (Male) |
| 22:10 | Queue | Villager (Male) |
| 22:26 | Build | Town Center |
| 22:30 | Build | Lumber Camp |
| 22:58 | Queue | Skirmisher |
| 22:58 | Queue | Skirmisher |
| 22:59 | Queue | Villager (Male) |
| 23:00 | Queue | Villager (Male) |
| 23:00 | Queue | Villager (Male) |
| 23:07 | Build | House |
| 23:09 | Build | Farm |
| 23:19 | Queue | Villager (Male) |
| 23:19 | Queue | Villager (Male) |
| 23:20 | Queue | Skirmisher |
| 23:30 | Queue | Skirmisher |
| 23:30 | Queue | Skirmisher |
| 23:37 | Queue | Skirmisher |
| 23:45 | Build | Farm |
Match timeline
| 5:18 | vuppE · wall_segment Palisade Wall x1 |
| 5:29 | vuppE · wall_segment Palisade Wall x1 |
| 5:39 | URU | KING RICO · first_building Barracks |
| 6:31 | vuppE · wall_segment Palisade Wall x3 |
| 6:56 | vuppE · wall_segment Palisade Wall x7 |
| 7:40 | vuppE · first_building Barracks |
| 7:53 | vuppE · wall_segment Palisade Wall x9 |
| 8:26 | vuppE · age_up feudal |
| 8:36 | vuppE · first_building Archery Range |
| 8:51 | URU | KING RICO · age_up feudal |
| 9:04 | vuppE · wall_segment Palisade Wall x9 |
| 9:09 | URU | KING RICO · first_building Archery Range |
| 17:19 | vuppE · wall_segment Palisade Wall x1 |
| 17:54 | vuppE · wall_segment Palisade Wall x1 |
| 18:27 | URU | KING RICO · wall_segment Palisade Wall x1 |
| 18:32 | URU | KING RICO · wall_segment Palisade Wall x6 |
| 18:33 | URU | KING RICO · wall_segment Palisade Wall x1 |
| 19:44 | URU | KING RICO · wall_segment Palisade Wall x1 |
| 19:46 | URU | KING RICO · wall_segment Palisade Wall x5 |
| 20:07 | vuppE · age_up castle |
| 20:28 | vuppE · first_building Monastery |
| 20:29 | URU | KING RICO · age_up castle |
| 21:58 | vuppE · first_building Stable |
| 23:10 | vuppE · first_building Siege Workshop |
| 26:37 | URU | KING RICO · first_building Monastery |
| 27:08 | URU | KING RICO · first_market_buy 100 food |
| 33:48 | vuppE · first_market_sell 100 wood |
| 34:25 | URU | KING RICO · first_building Castle |
| 34:45 | vuppE · wall_segment Palisade Wall x1 |
| 34:49 | vuppE · wall_segment Palisade Wall x1 |
| 34:51 | vuppE · wall_segment Palisade Wall x1 |
| 36:25 | vuppE · first_building Castle |
| 37:17 | URU | KING RICO · age_up imperial |
| 39:18 | URU | KING RICO · first_market_sell 100 food |
| 39:33 | vuppE · wall_segment Palisade Wall x1 |
| 39:36 | vuppE · wall_segment Palisade Wall x1 |
| 39:37 | vuppE · wall_segment Palisade Wall x1 |
| 39:49 | vuppE · age_up imperial |
| 42:23 | vuppE · first_market_buy 100 wood |
| 60:17 | URU | KING RICO · resign |
[ AI ANALYSIS · 1 CREDIT ]
What really happened in this match?
Wolo.gg analyzes every decision: build order, eco, micro, common mistakes by bracket. Personalized analysis on WhatsApp or Discord in 30 seconds.
Civ guide
Tatars
Perfil
Jugador #275144